Map: Hard Lead LE

Players

LiquidCure (Cure) - Winner!

  • Race: Terran Terran
  • League: Master
  • Spawn Location: 11:00

Bunny

  • Race: Terran Terran
  • Spawn Location: 5:00

Event: IEM Katowice 2024

VOD

Have the link to the VOD?

Description

Time

  • Played on: Dec. 6, 2023, 5:28 a.m.
  • Length: 9:28

All games in this series

Show
View Real Time Build Order
Export as new Build Order

LiquidCure Terran - Winner!

Build Orders: Cyclone Opening 

Get SALT Encoding   

  12  0:00  SCV  
  13  0:12  SCV  
  14  0:17  Supply Depot  
  14  0:24  SCV  
  15  0:38  SCV  
  15  0:40  Barracks  
  16  0:44  Refinery  
  16  0:51  SCV  
  16  0:52  Refinery  
  17  1:03  SCV  
  18  1:15  SCV  
  19  1:27  Orbital Command, Reaper  
  19  1:31  Supply Depot  
  20  1:41  Factory  
  20  1:53  SCV  
  21  1:59  Reaper  
  22  2:05  SCV  
  23  2:15  Command Center  
  23  2:17  SCV  
  24  2:28  Cyclone  
  24  2:29  SCV  
  27  2:33  Barracks Reactor  
  27  2:41  SCV, Supply Depot  
  27  2:54  SCV  
  27  2:56  Starport  
  27  3:06  SCV  
  27  3:12  Cyclone x2  
  32  3:18  Barracks Tech Lab, SCV, Refinery  
  33  3:30  SCV  
  34  3:34  Orbital Command  
  34  3:40  Banshee  
  37  3:42  SCV  
  37  3:44  Cyclone  
  40  3:48  Cyclone  
  40  3:55  SCV  
  43  3:56  Supply Depot  
  43  3:57  Interference Matrix  
  43  4:00  SCV  
  44  4:06  Barracks Tech Lab  
  44  4:07  SCV  
  45  4:12  SCV  
  45  4:16  Cyclone  
  48  4:21  Cyclone  
  48  4:23  SCV  
  51  4:24  SCV  
  51  4:30  Marine  
  53  4:32  Supply Depot  
  53  4:33  Raven  
  53  4:35  SCV  
  53  4:36  SCV  
  57  4:43  Supply Depot  
  57  4:50  Cyclone  
  57  4:52  SCV x2  
  61  4:54  Cyclone  
  63  5:00  Command Center, Marine  
  64  5:10  SCV x2  
  66  5:20  Marine  
  67  5:21  Raven, Stimpack  
  67  5:22  SCV  
  67  5:23  SCV  
  71  5:31  Cyclone x2  
  75  5:36  Supply Depot  
  75  5:37  SCV x2  
  75  5:40  Marine  
  78  5:51  Barracks  
  78  5:52  Barracks  
  78  5:57  SCV x2  
  78  5:58  Marine  
  78  6:00  Supply Depot  
  81  6:07  Starport Reactor  
  81  6:09  SCV x2  
  81  6:11  Refinery  
  83  6:15  Orbital Command  
  83  6:17  Barracks x2, Marine  
  84  6:21  SCV  
  84  6:22  SCV  
  86  6:31  Siege Tank  
  89  6:34  Marine, SCV x2  
  88  6:44  Barracks Reactor  
  88  6:46  SCV x2  
  88  6:48  Orbital Command  
  88  6:50  Medivac x2  
  90  6:56  Engineering Bay x2  
  90  6:58  Supply Depot x2, SCV x2, Marine x3  
  92  7:03  Siege Tank  
  92  7:05  Barracks Reactor x2  
  95  7:09  Combat Shield  
  95  7:10  SCV x2  
  97  7:16  Marine x3  
  97  7:19  SCV  
  97  7:22  Terran Infantry Weapons Level 1, SCV x2  
  103  7:23  Terran Infantry Armor Level 1, Refinery  
  103  7:25  Marine x2  
  105  7:31  SCV  
  105  7:33  Marine x2  
  105  7:34  SCV x2, Marine  
  105  7:35  Missile Turret  
  111  7:37  Refinery  
  111  7:40  Sensor Tower, Supply Depot  
  111  7:41  Missile Turret  
  111  7:42  Supply Depot  
  111  7:44  Siege Tank, SCV  
  112  7:49  Marine x5  
  120  7:51  SCV x2  
  120  7:56  Medivac, SCV  
  124  8:07  Armory, Marine x4  
  124  8:08  Supply Depot, Marine x2  
  130  8:21  Marine x2  
  130  8:22  Siege Tank, Medivac  
  130  8:25  Marine x3  
  141  8:27  Marine  
  141  8:29  Marine  
  141  8:34  Command Center  
  141  8:36  Barracks Reactor  
  141  8:38  Supply Depot  
  141  8:39  Factory, SCV x2, Supply Depot  
  141  8:40  Marine, SCV  
  145  8:54  Marine x6  
  145  8:55  Marine  
  145  8:58  Marine  
Show
View Real Time Build Order
Export as new Build Order

Bunny Terran 

Build Orders: Cyclone Opening 

Get SALT Encoding   

  12  0:00  SCV  
  13  0:12  SCV  
  14  0:17  Supply Depot  
  14  0:24  SCV  
  15  0:39  SCV  
  15  0:40  Barracks  
  16  0:42  Refinery  
  16  0:51  SCV  
  16  0:52  Refinery  
  17  1:03  SCV  
  18  1:15  SCV  
  19  1:26  Reaper  
  19  1:27  Orbital Command  
  19  1:30  Supply Depot  
  20  1:40  Factory  
  20  1:52  SCV  
  21  1:58  Reaper  
  22  2:05  SCV  
  23  2:14  Command Center  
  23  2:17  SCV  
  24  2:25  Hellion  
  24  2:29  SCV  
  26  2:32  Barracks Reactor  
  26  2:37  Supply Depot  
  26  2:41  SCV  
  26  2:51  Cyclone  
  26  2:54  SCV  
  28  2:59  Starport  
  28  3:06  SCV  
  28  3:09  Marine x2  
  31  3:18  SCV  
  32  3:24  Cyclone  
  34  3:30  SCV  
  35  3:35  Starport Tech Lab  
  35  3:37  Orbital Command  
  35  3:42  SCV  
  36  3:48  Command Center  
  36  3:54  SCV  
  37  3:55  Raven  
  37  4:02  SCV  
  40  4:06  SCV  
  40  4:08  Cyclone  
  43  4:10  Cyclone  
  43  4:15  Supply Depot  
  43  4:16  SCV  
  46  4:18  SCV  
  46  4:27  Interference Matrix  
  46  4:28  SCV  
  46  4:30  Raven, Barracks Tech Lab, SCV  
  50  4:33  Refinery  
  50  4:40  Cyclone, SCV  
  50  4:42  SCV  
  54  4:46  Cyclone, Supply Depot  
  57  4:52  SCV  
  57  4:55  SCV  
  56  5:03  Orbital Command  
  54  5:08  SCV x2  
  54  5:14  Raven  
  55  5:22  SCV x2  
  55  5:23  Marine x2  
  55  5:27  Barracks  
  59  5:30  Siege Tank  
  59  5:32  SCV  
  59  5:34  SCV x2  
  63  5:42  Barracks x2, Marine x2  
  64  5:47  SCV x3  
  67  5:51  Refinery, Engineering Bay x2  
  67  5:59  Barracks, SCV x3  
  67  6:02  Siege Tank  
  67  6:03  Starport Reactor  
  72  6:11  SCV x3  
  75  6:19  Stimpack  
  75  6:20  Marine  
  76  6:30  Marine x4  
  70  6:34  Siege Tank  
  70  6:37  Marine  
  56  6:48  Marine x2  
  56  6:52  Barracks Reactor  
  56  6:53  Barracks Reactor  
  57  6:55  Marine  
  57  6:58  Barracks Reactor, Medivac  
  60  7:05  Marine  
  60  7:06  Marine  
  60  7:07  SCV x2  
  65  7:10  Orbital Command  
  65  7:13  Marine  
  65  7:15  Siege Tank  
  68  7:20  SCV x2  
  70  7:23  Marine x2, Supply Depot  
  70  7:24  Supply Depot  
  70  7:28  Missile Turret  
  70  7:29  Marine x2  
  72  7:30  Marine x2  
  72  7:31  Marine  
  72  7:32  Terran Infantry Weapons Level 1  
  72  7:33  SCV x2  
  72  7:36  SCV  
  80  7:41  Marine x4  
  84  7:46  SCV x2  
  84  7:47  Marine x3  
  84  7:48  SCV, Marine  
  84  7:49  Supply Depot  
  91  7:52  Medivac  
  91  7:56  Marine  
  93  7:59  Combat Shield, Marine x3  
  93  8:01  Medivac  
  93  8:03  SCV x3  
  101  8:10  Marine x4  
  105  8:13  Siege Tank  
  105  8:15  Marine  
  105  8:19  Marine x3  
  102  8:22  Medivac, Supply Depot  
  104  8:29  Marine x5  
  104  8:33  Marine, Medivac  
  111  8:37  Marine x3  
  113  8:45  Siege Tank  
  113  8:46  Marine  
  113  8:47  Marine x4  
  120  8:51  Marine  
  120  8:54  Marine  
  108  8:56  Marine x2  
  101  9:04  Marine x3  
  101  9:05  Marine x2  
  101  9:08  Marine  

Tags
 
Add a new tag
Caveats
  • Supply blocks, unpowered buildings, or Contaminate may cause inaccurate times.
  • Supply counts are checked every 10 seconds.